 Dungeon Crawl Stone Soup version 0.28.0-43-g3370ac3207 (webtiles) character file.

Game seed: 13214360756722818768

163856 protoss039 the Sorcerer (level 17, -4/132 HPs)
             Began as a Deep Elf Earth Elementalist on Mar 15, 2022.
             Was a High Priest of Sif Muna.
             Shot with a bolt by a naga sharpshooter (7 damage)
             ... led by Vashnia
             ... on level 4 of the Snake Pit on Mar 16, 2022.
             The game lasted 03:11:16 (41654 turns).

protoss039 the Sorcerer (DEEE)                     Turns: 41654, Time: 03:11:17

Health: -4/132     AC: 33    Str:  3    XL:     17   Next: 24%
Magic:  32/53      EV: 13    Int: 29    God:    Sif Muna [*****.]
Gold:   711        SH:  0    Dex: 14    Spells: 8/58 levels left

rFire   + + .      SeeInvis +   V - +2 whip of the Devouring Saviour {elec, Dex+3 SInv}
rCold   + . .      Faith    .   (no shield)
rNeg    + . .      Spirit   .   (armour currently unavailable)
rPois   ∞          Reflect  .   E - +0 helmet of Creativity {rElec Will+ Regen+ Str-2}
rElec   +          Harm     .   Y - scarf {rC+ rF+}
rCorr   .          Rampage  .   (gloves currently unavailable)
Will    ++...                   (boots currently unavailable)
Stlth   ++........              L - amulet "Umpahe" {RegenMP rF+}
HPRegen 1.12/turn               O - ring "Baock" {rPois AC+4 Dex-4 Slay+5}
MPRegen 0.73/turn               j - ring of magical power

@: statue-form, studying Fire Magic, very slow
A: slow and powerful, torment resistance 1, boosted hp
a: End Transformation, Renounce Religion, Channel Magic, Forget Spell, Divine
Exegesis


You were on level 4 of the Snake Pit.
You worshipped Sif Muna.
Sif Muna was extremely pleased with you.
You were a living statue of rough stone.
You visited 5 branches of the dungeon, and saw 28 of its levels.

You collected 6721 gold pieces.
You spent 6010 gold pieces at shops.

Inventory:

Hand Weapons
 r - a +4 scimitar of flaming
 H - the +3 war axe of Change {vamp, rElec rCorr Str+6 Int-4}
   (You found it on level 15 of the Dungeon)

   It occasionally heals its wielder for a portion of the damage dealt when it
   wounds a living foe.
   Str:       It affects your strength (+6).
   Int:       It affects your intelligence (-4).
   rElec:     It insulates you from electricity.
   rCorr:     It protects you from acid and corrosion.
 V - the +2 whip of the Devouring Saviour (weapon) {elec, Dex+3 SInv}
   (You found it on level 1 of the Lair of Beasts)

   It occasionally discharges a powerful burst of electricity upon striking a
   foe.
   Dex:       It affects your dexterity (+3).
   SInv:      It lets you see invisible.
Missiles
 x - 2 throwing nets
Armour
 b - the +1 cloak of Starlight {*Dazzle EV+4 Stlth--}
   (You bought it in a shop on level 9 of the Dungeon)

   It may blind those who miss an attack against the wearer in melee combat.
   EV:        It affects your evasion (+4).
   Stlth:     It makes you much less stealthy.
 E - the +0 helmet of Creativity (worn) {rElec Will+ Regen+ Str-2}
   (You bought it in a shop on level 1 of the Dungeon)

   Str:       It affects your strength (-2).
   rElec:     It insulates you from electricity.
   Regen:     It increases your rate of health regeneration.
   Will:      It increases your willpower.
 P - a +2 pair of boots (melded)
 Q - a +2 robe of willpower (melded)
 R - the +0 pair of fencer's gloves (melded) {Riposte Dex+3}
   (You bought it in a shop on level 2 of the Orcish Mines)

   It allows the wearer to riposte with melee weapons, swiftly retaliating
   against missed attacks.
   Dex:       It affects your dexterity (+3).
 Y - a scarf of resistance (worn)
Magical Staves
 u - a staff of cold
 F - a staff of earth
 S - a staff of death
Jewellery
 f - an amulet of reflection
 h - a ring of wizardry
 i - a ring of protection from cold
 j - a ring of magical power (right fist)
 L - the amulet "Umpahe" (around neck) {RegenMP rF+}
   (You bought it in a shop on level 2 of the Orcish Mines)

   [amulet of magic regeneration]

   It increases your rate of magic regeneration.
   rF:        It protects you from fire.
 O - the ring "Baock" (left fist) {rPois AC+4 Dex-4 Slay+5}
   (You acquired it on level 10 of the Dungeon)

   [ring of protection]

   AC:        It affects your AC (+4).
   Dex:       It affects your dexterity (-4).
   Slay:      It affects your accuracy & damage with ranged weapons and melee
   (+5).
   rPois:     It protects you from poison.
 W - a ring of protection from fire
Wands
 y - a wand of acid (2)
 B - a wand of iceblast (25)
 C - a wand of flame (16)
 D - a wand of paralysis (28)
 I - a wand of polymorph (11)
 U - a wand of mindburst (16)
Scrolls
 a - 5 scrolls of teleportation
 e - 4 scrolls of magic mapping
 g - 5 scrolls of identify
 k - 5 scrolls of fear
 l - 4 scrolls of fog
 n - 6 scrolls of enchant weapon
 p - 4 scrolls of blinking
 q - 2 scrolls of summoning
 v - 3 scrolls of amnesia
 w - 5 scrolls of holy word
 M - 5 scrolls of brand weapon
 T - a scroll of immolation
Potions
 d - 3 potions of magic
 m - 4 potions of might
 o - 10 potions of curing
 s - 3 potions of mutation
 t - 2 potions of haste
 z - a potion of heal wounds
 A - a potion of resistance
 J - a potion of flight
 K - a potion of invisibility
 N - 4 potions of brilliance
 X - a potion of berserk rage
Miscellaneous
 c - a box of beasts


   Skills:
 * Level 10.2 Fighting
 - Level 3.0 Dodging
 - Level 3.0 Stealth
 - Level 21.0 Spellcasting
 - Level 12.0 Conjurations
 * Level 8.9 Summonings
 - Level 4.0 Necromancy
 * Level 7.8 Transmutations
 - Level 4.0 Fire Magic
 + Level 5.3 Ice Magic
 - Level 9.0 Air Magic
 - Level 12.0 Earth Magic
 - Level 4.0 Poison Magic
 * Level 13.2 Invocations


You had 8 spell levels left.
You knew the following spells:

 Your Spells              Type           Power      Damage    Failure   Level
a - Swiftness             Air            70%        N/A       1%          3
b - Passwall              Tmut/Erth      60%        N/A       1%          2
c - Stone Arrow           Conj/Erth      100%       3d13      1%          3
d - Petrify               Tmut/Erth      73%        N/A       1%          4
e - Statue Form           Tmut/Erth      48%        N/A       3%          6
f - Mephitic Cloud        Conj/Pois/Air  68%        N/A       1%          3
g - Freezing Cloud        Conj/Ice/Air   34%        6-21      1%          5
h - Spellforged Servitor  Conj/Summ      37%        N/A       14%         7
i - Conjure Ball Lightni  Conj/Air       37%        3x3d12    2%          6
j - Borgnjor's Vile Clut  Necr/Erth      33%        N/A       1%          5
k - Iron Shot             Conj/Erth      39%        9d8       1%          6

Your spell library contained the following spells:

 Spells                   Type           Power      Damage    Failure   Level
 Magic Dart               Conj           100%       1d8       0%          1
 Sandblast                Erth           100%       2d20      0%          1
 Shock                    Conj/Air       100%       1d9       0%          1
 Searing Ray              Conj           100%       2d8       0%          2
 Animate Skeleton         Necr           100%       N/A       1%          1
 Beastly Appendage        Tmut           100%       N/A       1%          1
 Foxfire                  Conj/Fire      100%       2x1d9     1%          1
 Pain                     Necr           100%       1d9       1%          1
 Sting                    Tmut/Pois      100%       1d8       1%          1
 Call Imp                 Summ           70%        N/A       1%          2
 Corpse Rot               Necr/Air       100%       N/A       1%          2
 Ensorcelled Hibernation  Hex/Ice        90%        N/A       1%          2
 Static Discharge         Conj/Air       74%        N/A       1%          2
 Wereblood                Tmut           66%        N/A       1%          2
 Conjure Flame            Conj/Fire      67%        6-21      1%          3
 Dazzling Flash           Conj/Hex       100%       N/A       1%          3
 Ignite Poison            Fire/Tmut/Pois 57%        N/A       1%          3
 Inner Flame              Hex/Fire       42%        N/A       1%          3
 Spider Form              Tmut/Pois      59%        N/A       1%          3
 Summon Guardian Golem    Hex/Summ       54%        N/A       1%          3
 Vampiric Draining        Necr           52%        2d9       1%          3
 Flame Wave               Conj/Fire      67%        2d12      1%          4
 Fulminant Prism          Conj/Hex       30%        3d16      1%          4
 Hailstorm                Conj/Ice       69%        3d14      1%          4
 Iskenderun's Mystic Bla  Conj/Tloc      60%        2d13      1%          4
 Leda's Liquefaction      Hex/Erth       30%        N/A       1%          4
 Sticky Flame             Conj/Fire      67%        2d8       1%          4
 Fireball                 Conj/Fire      33%        3d14      1%          5
 Irradiate                Conj/Tmut      36%        3d25      1%          5
 Iskenderun's Battlesphe  Conj           79%        2d13      1%          5
 Lightning Bolt           Conj/Air       37%        1d55      1%          5
 Gell's Gravitas          Tloc           30%        N/A       3%          3
 Lesser Beckoning         Tloc           30%        N/A       3%          3
 Teleport Other           Tloc           30%        N/A       3%          3
 Summon Cactus Giant      Summ           35%        N/A       4%          6
 Anguish                  Hex/Necr       21%        N/A       5%          4
 Silence                  Hex/Air        27%        N/A       5%          5
 Summon Forest            Summ/Tloc      27%        N/A       5%          5
 Agony                    Necr           52%        N/A       6%          5
 Excruciating Wounds      Necr           26%        N/A       6%          5
 Starburst                Conj/Fire      33%        6d10      7%          6
 Cause Fear               Hex            15%        N/A       12%         4
 Metabolic Englaciation   Hex/Ice        22%        N/A       12%         5
 Monstrous Menagerie      Summ           35%        N/A       26%         7
 Summon Hydra             Summ           35%        N/A       26%         7
 Simulacrum               Ice/Necr       27%        N/A       28%         6
 Death Channel            Necr           26%        N/A       34%         6
 Lehudib's Crystal Spear  Conj/Erth      39%        10d10     50%         8
 Haunt                    Necr/Summ      30%        N/A       58%         7
 Malign Gateway           Summ/Tloc      27%        N/A       86%         7
 Borgnjor's Revivificati  Necr           26%        N/A       100%        8
 Discord                  Hex            15%        N/A       100%        8
 Disjunction              Tloc           15%        N/A       100%        8
 Ignition                 Fire           26%        3d9       100%        8
 Chain Lightning          Conj/Air       37%        3d49      100%        9
 Dragon's Call            Summ           35%        N/A       100%        9
 Polar Vortex             Ice            28%        N/A       100%        9


Dungeon Overview and Level Annotations

Branches:
Dungeon (15/15)            Temple (1/1) D:4            Lair (6/6) D:8
 Shoals (0/4) Lair:2        Snake (4/4) Lair:4        Slime (0/5) Lair:5
    Orc (2/2) D:10            Elf (0/3) Orc:2        Vaults (0/5) D:13
 Depths (0/4) D:15

Altars:
Ashenzari
Cheibriados
Dithmenos
Elyvilon
Fedhas
Gozag
Hepliaklqana
Kikubaaqudgha
Makhleb
Nemelex Xobeh
Okawaru
Qazlal
Ru
Sif Muna
Trog
Uskayaw
Vehumet
Wu Jian
Xom
Yredelemnul
Zin
The Shining One
Beogh
Jiyva

Shops:
D:1 [*   D:6 [   D:9 **   D:14 *   Orc:1 :   Orc:2 :=[*(   Snake:2 =:=

Portals:
Abyss: Orc:1

Annotations:
D:8 3 runed translucent doors, Galthrax's ghost, novice PaAK
Lair:6 3 runed translucent doors, Zappman123's ghost, journeyman DDAr
Orc:1 2 transporters, NiggerDarts's ghost, journeyman HuFi


Message History

The naga sharpshooter is heavily wounded.
The blast of lightning engulfs the naga sharpshooter!!
The naga sharpshooter is heavily wounded.
The naga sharpshooter shoots a bolt.
The bolt closely misses you.
The bolt closely misses your ball lightning. x2
The naga sharpshooter shoots an arrow.
The arrow hits you but does no damage.
The naga sharpshooter shoots an arrow.
The arrow barely misses your ball lightning.
The arrow hits you!
* * * LOW HITPOINT WARNING * * *
The naga sharpshooter gestures wildly while chanting.
The naga sharpshooter magically shoots a bolt.
The bolt hits you!!
* * * LOW HITPOINT WARNING * * *
You hear an angry hiss.
Unknown command.
Unknown command.
Unknown command.
Unknown command.
Okay, then.
Your ball lightning explodes!
The blast of lightning engulfs your ball lightning.
Your ball lightning completely resists.
The blast of lightning engulfs your ball lightning.
Your ball lightning completely resists.
The blast of lightning engulfs you. You resist.
* * * LOW HITPOINT WARNING * * *
The blast of lightning engulfs the naga sharpshooter!!
The naga sharpshooter is almost dead.
The blast of lightning engulfs the naga sharpshooter!!
The naga sharpshooter is almost dead.
The naga sharpshooter gestures wildly while chanting.
The naga sharpshooter magically shoots an arrow.
The arrow hits you!
* * * LOW HITPOINT WARNING * * *
The naga sharpshooter shoots an arrow.
The arrow hits you but does no damage.
The naga sharpshooter mumbles some strange words.
The naga sharpshooter magically shoots a bolt.
The bolt hits you!
You die...

N... #... #....
#.... #....#
##.....##
#^.....*###
#...).*8.N#
#....####N.N...
... ####. .


You could see 3 naga sharpshooters, a naga and 2 friendly ball lightnings.

Vanquished Creatures
  Saint Roka (Orc:2)
  Vashnia (Snake:3)
  Jorgrun (D:15)
  Rupert (D:12)
  Agnes (D:15)
  Roxanne (D:15)
  2 nagarajas
  Aizul (Snake:1)
  Nessos (D:15)
  A dire elephant (Lair:2)
  Josephine (D:12)
  Snorg (D:11)
  Fannar (D:11)
  A great orb of eyes (D:12)
  3 salamander tyrants
  4 vault guards (D:13)
  2 fire dragons
  14 naga warriors
  2 ice dragons
  3 boulder beetles
  7 hydras
  4 two-headed ogres
  3 centaur warriors (D:13)
  8 anacondas
  An alligator (Lair:2)
  2 death knights
  Urug (Lair:3)
  7 death yaks
  2 shock serpents (Snake:3)
  4 naga sharpshooters
  2 sun demons (D:14)
  8 salamander mystics
  A fire crab (shapeshifter) (D:15)
  A goliath frog (shapeshifter) (D:15)
  A skeletal warrior (D:12)
  2 sea snakes
  5 naga ritualists
  2 lindwurms (Lair:6)
  A wizard (D:14)
  Pikel (D:7)
  8 ugly things
  4 deep elf pyromancers
  8 mana vipers
  2 orc knights (Orc:1)
  3 orc sorcerers (Orc:2)
  17 salamanders
  5 cyclopes
  A salamander (shapeshifter) (D:15)
  6 elephants (Lair:2)
  9 manticores
  A merfolk siren (Lair:2)
  4 guardian serpents
  5 naga magi
  26 black mambas
  A smoke demon (D:14)
  4 gargoyles
  8 torpor snails
  15 cane toads
  3 rime drakes
  Maggie (D:6)
  2 unseen horrors
  7 komodo dragons
  3 efreet
  3 kobold demonologists (D:13)
  3 tyrant leeches (Lair:6)
  A freezing wraith (D:12)
  7 trolls
  A raiju (Lair:6)
  12 polar bears
  8 hornets
  17 blink frogs
  16 slime creatures
  17 dream sheep
  A meliai zombie (D:10)
  51 yaks
  Eustachio (D:6)
  2 shadows (D:9)
  2 vampires
  12 basilisks
  5 wyverns
  8 wraiths
  3 steam dragons
  Edmund (D:6)
  30 nagas
  2 acid dragons
  10 wargs
  14 hell hounds (Lair:6)
  14 water moccasins
  28 orc warriors
  14 black bears
  An ice beast (D:3)
  A necrophage (D:7)
  7 ogres
  26 wolves
  13 centaurs
  3 lemures (D:7)
  4 kobold brigands
  4 scorpions
  14 bullfrogs
  2 water moccasin zombies
  An earth elemental (D:14)
  2 water moccasin skeletons
  3 killer bees (D:10)
  9 wights
  2 electric eels
  6 howler monkeys
  5 centaur zombies
  A hound (D:5)
  7 jellies
  Crazy Yiuf (D:6)
  2 bullfrog skeletons
  27 orc priests
  A centaur skeleton (D:7)
  2 iguanas (D:5)
  23 orc wizards
  2 hell rats (Lair:2)
  A hound zombie (D:4)
  9 gnolls
  9 adders
  A white imp (D:5)
  2 ufetubi
  2 adder skeletons (D:4)
  3 adder zombies (D:4)
  A worm (D:5)
  95 orcs
  11 bats
  5 endoplasms
  4 giant cockroaches
  7 goblins
  4 hobgoblins
  35 kobolds
  5 quokkas
  6 ball pythons
  4 frilled lizards
  2 quokka skeletons (D:4)
  2 quokka zombies (D:4)
  2 rats
911 creatures vanquished.

Vanquished Creatures (collateral kills)
  5 ball lightnings
5 creatures vanquished.

Vanquished Creatures (others)
  A black mamba (Snake:3)
  263 ball lightnings
  2 bushes
  41 fungi
  120 plants
427 creatures vanquished.

Grand Total: 1343 creatures vanquished

Notes
Turn   | Place    | Note
-------+----------+-------------------------------------------
     0 | D:1      | protoss039 the Deep Elf Earth Elementalist began the quest
                  | for the Orb.
     0 | D:1      | Reached XP level 1. HP: 10/10 MP: 6/6
    67 | D:1      | Found Kaacur's Assorted Antiques.
   243 | D:1      | Found Gafuhif's Armour Emporium.
   549 | D:1      | Reached XP level 2. HP: 12/15 MP: 6/8
   887 | D:1      | Learned a level 2 spell: Passwall
   938 | D:2      | Reached skill level 4 in Spellcasting
   938 | D:2      | Reached XP level 3. HP: 16/19 MP: 4/10
  1232 | D:2      | Found a shadowy altar of Dithmenos.
  1686 | D:2      | Reached XP level 4. HP: 24/24 MP: 10/12
  1873 | D:2      | Learned a level 3 spell: Stone Arrow
  1948 | D:2      | Learned a level 4 spell: Petrify
  2126 | D:3      | Found a white marble altar of Elyvilon.
  2515 | D:3      | Noticed an ice beast
  2520 | D:3      | Killed an ice beast
  2521 | D:3      | Reached skill level 1 in Fighting
  2521 | D:3      | Reached skill level 5 in Spellcasting
  2521 | D:3      | Reached XP level 5. HP: 29/29 MP: 8/14
  3056 | D:4      | Found a staircase to the Ecumenical Temple.
  3065 | Temple   | Entered the Ecumenical Temple
  3341 | D:4      | Found a radiant altar of Vehumet.
  3811 | D:4      | Reached XP level 6. HP: 34/35 MP: 3/16
  3932 | D:4      | Reached skill level 6 in Spellcasting
  3932 | D:4      | Reached skill level 5 in Earth Magic
  4202 | D:4      | Found an ornate altar of the Wu Jian Council.
  4257 | D:4      | Reached skill level 1 in Conjurations
  4775 | D:4      | Reached XP level 7. HP: 5/40 MP: 5/19
  5104 | D:5      | Entered Level 5 of the Dungeon
  5197 | D:5      | Noticed a yak
  5197 | D:5      | Noticed a yak
  5202 | D:5      | Killed a yak
  5203 | D:5      | Reached skill level 7 in Spellcasting
  5258 | D:5      | Noticed a yak
  5258 | D:5      | Noticed a yak
  5262 | D:5      | Noticed a yak
  5282 | D:5      | Killed a yak
  5346 | D:5      | Killed a yak
  5347 | D:5      | Reached skill level 8 in Spellcasting
  5351 | D:5      | Killed a yak
  5352 | D:5      | Reached XP level 8. HP: 32/44 MP: 12/22
  5357 | D:5      | Reached skill level 9 in Spellcasting
  5655 | D:5      | Got the Volume of the Assorted Violins
  5718 | D:5      | Found a stormy altar of Qazlal.
  6038 | D:5      | Found a burning altar of Makhleb.
  6093 | D:5      | Found a shadowy altar of Dithmenos.
  6668 | D:5      | Learned a level 3 spell: Swiftness
  6672 | D:5      | Learned a level 3 spell: Vampiric Draining
  6867 | D:6      | Noticed Maggie
  6873 | D:6      | Killed Maggie
  6874 | D:6      | Reached skill level 10 in Spellcasting
  6874 | D:6      | Reached skill level 1 in Necromancy
  6874 | D:6      | Reached skill level 1 in Air Magic
  7155 | D:6      | Found Mocau's Armour Emporium.
  7258 | D:6      | Noticed Edmund
  7262 | D:6      | Killed Edmund
  7263 | D:6      | Reached XP level 9. HP: 49/49 MP: 15/25
  7399 | D:6      | Found a shimmering blue altar of Sif Muna.
  7401 | D:6      | Noticed Eustachio
  7405 | D:6      | Killed Eustachio
  7417 | D:6      | Became a worshipper of Sif Muna the Loreminder
  7564 | D:6      | Found an ancient bone altar of Kikubaaqudgha.
  7832 | D:6      | Found a runed translucent door.
  7833 | D:6      | Noticed Crazy Yiuf
  7838 | D:6      | Killed Crazy Yiuf
  8054 | D:1      | Bought the +0 helmet of Creativity {rElec Will+ Regen+
                  | Str-2} for 238 gold pieces
  8403 | D:7      | Reached skill level 1 in Invocations
  8444 | D:7      | Found the +7 Singing Sword {vorpal, sonic wave}
  8714 | D:7      | Noticed Pikel
  8723 | D:7      | Killed Pikel
  8858 | D:7      | Reached skill level 11 in Spellcasting
  8858 | D:7      | Reached skill level 5 in Conjurations
  9296 | D:8      | Reached * piety under Sif Muna
  9319 | D:8      | Found a sparkling altar of Nemelex Xobeh.
  9600 | D:8      | Found a runed translucent gate.
  9603 | D:8      | Found a runed translucent gate.
  9603 | D:8      | Found a runed translucent gate.
  9604 | D:8      | Noticed Galthrax's ghost (novice PaAK)
  9705 | D:8      | Noticed a death yak
  9705 | D:8      | Noticed a death yak
  9720 | D:8      | Killed a death yak
  9721 | D:8      | Reached XP level 10. HP: 26/56 MP: 11/27
  9846 | D:8      | Noticed a death yak
  9846 | D:8      | Noticed a death yak
  9868 | D:8      | Killed a death yak
  9869 | D:8      | Reached skill level 12 in Spellcasting
  9901 | D:8      | Noticed a death yak
  9906 | D:8      | Noticed a death yak
  9944 | D:8      | Killed a death yak
 10193 | D:8      | Found a staircase to the Lair.
 10267 | D:8      | Noticed a manticore
 10272 | D:8      | Killed a manticore
 10282 | D:8      | Reached ** piety under Sif Muna
 10322 | D:8      | Reached skill level 13 in Spellcasting
 10450 | D:8      | Reached skill level 5 in Invocations
 10602 | D:8      | Found a viscous altar of Jiyva.
 10674 | D:8      | Noticed a death yak
 10680 | D:8      | Killed a death yak
 10882 | D:1      | Bought a scroll of identify for 48 gold pieces
 11108 | D:9      | Found a glowing golden altar of the Shining One.
 11110 | D:9      | Noticed an angel
 11120 | D:9      | Found a basalt altar of Yredelemnul.
 11122 | D:9      | Noticed a profane servitor
 11214 | D:9      | Reached XP level 11. HP: 62/62 MP: 7/30
 11320 | D:9      | Paralysed by a hornet for 1 turns
 11366 | D:9      | Found Janlojou's Specific Store.
 11367 | D:9      | Found Lettuutt's General Store.
 11445 | D:9      | Reached *** piety under Sif Muna
 11839 | D:10     | Entered Level 10 of the Dungeon
 12185 | D:10     | Found a staircase to the Orcish Mines.
 12199 | D:10     | Reached skill level 14 in Spellcasting
 12487 | D:10     | Reached skill level 5 in Fighting
 12733 | D:10     | Identified 4 scrolls of acquirement
 12735 | D:10     | Acquired the ring "Baock" {rPois AC+4 Dex-4 Slay+5}
 12741 | D:10     | Acquired 641 gold pieces
 12743 | D:10     | Acquired 1085 gold pieces
 12745 | D:10     | Acquired 1111 gold pieces
 12987 | D:1      | Bought a lumpy dark potion for 21 gold pieces
 12987 | D:1      | Bought a scroll labelled OGI UGGISAITH for 24 gold pieces
 12987 | D:1      | Bought a lumpy dark potion for 21 gold pieces
 12987 | D:1      | Bought a viscous purple potion for 21 gold pieces
 12987 | D:1      | Bought a potion of haste for 240 gold pieces
 13014 | D:1      | Bought a +2 pair of boots for 198 gold pieces
 13262 | D:9      | Bought a potion of curing for 42 gold pieces
 13262 | D:9      | Bought the +1 cloak of Starlight {*Dazzle EV+4 Stlth--} for
                  | 427 gold pieces
 13262 | D:9      | Found the +1 cloak of Starlight {*Dazzle EV+4 Stlth--}
 13262 | D:9      | Bought a potion of invisibility for 112 gold pieces
 13262 | D:9      | Bought a potion of curing for 42 gold pieces
 13262 | D:9      | Bought a +2 robe of willpower for 247 gold pieces
 13368 | D:11     | Noticed a two-headed ogre
 13368 | D:11     | Noticed a cyan ugly thing
 13487 | D:11     | Killed a cyan ugly thing
 13535 | D:11     | Killed a two-headed ogre
 13577 | D:11     | Noticed a two-headed ogre
 13593 | D:11     | Killed a two-headed ogre
 13942 | D:11     | Reached skill level 15 in Spellcasting
 14026 | D:11     | Reached **** piety under Sif Muna
 14145 | D:11     | Noticed a six-headed hydra
 14302 | D:11     | Noticed Fannar
 14414 | D:11     | Noticed Snorg
 14420 | D:11     | Killed Snorg
 14515 | D:11     | Noticed a two-headed ogre
 14522 | D:11     | Killed a two-headed ogre
 14869 | D:10     | Learned a level 4 spell: Flame Wave
 15092 | D:11     | Killed Fannar
 15093 | D:11     | Reached XP level 12. HP: 25/69 MP: 10/33
 15241 | D:11     | Noticed a boulder beetle
 15303 | D:11     | Reached skill level 16 in Spellcasting
 15303 | D:11     | Reached skill level 1 in Fire Magic
 15601 | D:11     | Killed a six-headed hydra
 15878 | D:12     | Noticed Rupert
 15925 | D:12     | Noticed a death knight
 16088 | D:11     | a boulder beetle changed into a sea snake
 16283 | D:12     | Noticed a five-headed hydra
 16750 | D:13     | Learned a level 3 spell: Mephitic Cloud
 16756 | D:13     | Learned a level 5 spell: Freezing Cloud
 16861 | D:13     | Found a gate to the Vaults.
 16861 | D:13     | Noticed a centaur warrior
 16861 | D:13     | Noticed a centaur warrior
 16861 | D:13     | Noticed a vault guard
 16861 | D:13     | Noticed a vault guard
 16861 | D:13     | Noticed a vault guard
 16861 | D:13     | Noticed a vault guard
 16861 | D:13     | Noticed a boulder beetle
 16870 | D:13     | Killed a centaur warrior
 16882 | D:13     | Killed a vault guard
 16882 | D:13     | Killed a vault guard
 16883 | D:13     | Reached skill level 1 in Ice Magic
 16883 | D:13     | Reached skill level 1 in Poison Magic
 17149 | D:13     | Killed a centaur warrior
 17303 | D:13     | Reached skill level 17 in Spellcasting
 17376 | D:13     | Killed a vault guard
 17416 | D:13     | Noticed a two-headed ogre
 18105 | D:12     | Killed an eight-headed hydra
 18114 | D:12     | Noticed Josephine
 18730 | D:12     | Noticed a boulder beetle
 18954 | D:12     | Killed Josephine
 18955 | D:12     | Reached XP level 13. HP: 23/75 MP: 0/36
 19482 | D:12     | Killed Rupert
 19483 | D:12     | Reached skill level 18 in Spellcasting
 21177 | D:14     | Noticed a fire dragon
 21351 | Lair:1   | Entered Level 1 of the Lair of Beasts
 21455 | Lair:1   | Reached ***** piety under Sif Muna
 22190 | Lair:1   | Identified the +2 whip of the Devouring Saviour {elec,
                  | Dex+3 SInv}
 22201 | Lair:1   | Learned a level 6 spell: Conjure Ball Lightning
 22212 | Lair:2   | Found a burning altar of Makhleb.
 23613 | Lair:2   | Found a staircase to the Shoals.
 23860 | Lair:2   | Noticed a dire elephant
 24368 | Lair:2   | Killed a dire elephant
 25129 | Lair:3   | Reached skill level 10 in Invocations
 25263 | Lair:3   | Noticed Urug
 25432 | Lair:3   | Reached XP level 14. HP: 71/84 MP: 25/38
 25870 | Lair:3   | Reached skill level 10 in Conjurations
 25870 | Lair:3   | Killed Urug
 25871 | Lair:3   | Reached skill level 19 in Spellcasting
 26322 | Lair:3   | You fall into a shaft and drop 2 floors!
 26361 | Lair:5   | Received a gift from Sif Muna
 26362 | Lair:5   | Got Sif Muna's Volume of Battle Magic {god gift}
 26371 | Lair:5   | Learned a level 7 spell: Spellforged Servitor
 26427 | Lair:5   | Found a blossoming altar of Fedhas.
 26615 | Lair:5   | Reached skill level 1 in Summonings
 26631 | Lair:5   | Reached skill level 5 in Air Magic
 27039 | Lair:5   | Found a staircase to the Slime Pits.
 28129 | Lair:5   | Found the +3 pair of seven-league boots {Rampage+∞}
 28960 | Lair:4   | Found a staircase to the Snake Pit.
 29011 | Lair:4   | Reached skill level 20 in Spellcasting
 30192 | Lair:6   | Entered Level 6 of the Lair of Beasts
 30291 | Lair:6   | Received a gift from Sif Muna
 30292 | Lair:6   | Got Sif Muna's Tome of Ashen Calling {god gift}
 30300 | Lair:6   | Learned a level 6 spell: Iron Shot
 30674 | Lair:6   | Found a runed translucent gate.
 30863 | Lair:6   | Reached XP level 15. HP: 89/89 MP: 20/41
 31067 | Lair:6   | Found a runed translucent gate.
 31067 | Lair:6   | Found a runed translucent gate.
 31067 | Lair:6   | Identified the ring of Untruth {rC+ rCorr Int+6}
 31067 | Lair:6   | Noticed Zappman123's ghost (journeyman DDAr)
 31392 | Lair:6   | Identified the +5 scale mail of Mental Paralysis {rElec rN+
                  | Regen+}
 31434 | Lair:6   | Received a gift from Sif Muna
 31435 | Lair:6   | Got Rasuac's Almanac of Hexes {god gift}
 32128 | Lair:6   | Found a runed translucent door.
 32495 | Lair:6   | Reached skill level 5 in Summonings
 32524 | Lair:6   | Reached skill level 21 in Spellcasting
 32993 | D:14     | Found Oteg's Pet Rocks.
 33074 | D:14     | Bought Mungannyz's Tome of the Rocks for 384 gold pieces
 33084 | D:14     | Learned a level 6 spell: Statue Form
 33122 | D:14     | Bought a staff of earth for 300 gold pieces
 33574 | D:14     | Found a glowing golden altar of the Shining One.
 33575 | D:14     | Got the Handbook of Enchanting Conjuration
 33767 | D:15     | Entered Level 15 of the Dungeon
 33956 | D:15     | Found a bloodstained altar of Trog.
 33995 | D:15     | Identified the +3 war axe of Change {vamp, rElec rCorr
                  | Str+6 Int-4}
 34017 | D:15     | Noticed Jorgrun
 34023 | D:15     | Killed Jorgrun
 34076 | D:15     | Identified Roxanne's Tome of Moulding
 34076 | D:15     | Noticed Roxanne
 34095 | D:15     | Killed Roxanne
 34249 | D:15     | Noticed Agnes
 34346 | D:15     | Noticed Nessos
 34349 | D:15     | Killed Nessos
 34585 | D:15     | Found a staircase to the Depths.
 34709 | D:15     | Killed Agnes
 34710 | D:15     | Reached skill level 10 in Earth Magic
 35160 | Orc:1    | Entered Level 1 of the Orcish Mines
 35163 | Orc:1    | Received a gift from Sif Muna
 35167 | Orc:1    | Got Sif Muna's Collected Works on Dark Magic and the
                  | Entourage {god gift}
 35269 | Orc:1    | Found Bibir's Book Boutique.
 35404 | Orc:1    | Noticed an orc warlord
 35532 | Orc:1    | Found a transporter.
 35551 | Orc:1    | Noticed NiggerDarts's ghost (journeyman HuFi)
 35552 | Orc:1    | Found a one-way gate to the infinite horrors of the Abyss.
 35703 | Orc:1    | Found a transporter.
 35869 | Orc:2    | Entered Level 2 of the Orcish Mines
 35913 | Orc:2    | Found a staircase to the Elven Halls.
 36067 | Orc:1    | HP: 2/111 [troll (11)]
 36181 | Orc:2    | Reached XP level 16. HP: 93/93 MP: 39/43
 36193 | Orc:2    | Noticed Saint Roka
 36511 | Orc:2    | Killed Saint Roka
 36836 | Orc:2    | Found Jeci's Jewellery Boutique.
 37022 | Orc:2    | Found Icaech's Book Boutique.
 37074 | Orc:2    | Bought the Guide on Clay and Darkness for 416 gold pieces
 37074 | Orc:2    | Bought a book of Ice for 736 gold pieces
 37080 | Orc:2    | Learned a level 5 spell: Borgnjor's Vile Clutch
 37243 | Orc:2    | Found Zebeg's General Store.
 37262 | Orc:2    | Bought a scroll of teleportation for 42 gold pieces
 37327 | Orc:2    | Reached skill level 5 in Transmutations
 37342 | Orc:2    | Found Geutt's Antique Armour Shoppe.
 37344 | Orc:2    | Found Vodom's Antique Weapon Emporium.
 37360 | Orc:2    | Bought a crude robe for 165 gold pieces
 37360 | Orc:2    | Identified the +1 robe of Byig {-Tele Fly Str+3} (You
                  | bought it in a shop on level 2 of the Orcish Mines)
 37360 | Orc:2    | Bought the +0 pair of fencer's gloves {Riposte Dex+3} for
                  | 1160 gold pieces
 37360 | Orc:2    | Found the +0 pair of fencer's gloves {Riposte Dex+3}
 37408 | Orc:2    | Bought the amulet "Umpahe" {RegenMP rF+} for 616 gold
                  | pieces
 37581 | Snake:1  | Entered Level 1 of the Snake Pit
 37715 | Snake:1  | Received a gift from Sif Muna
 37847 | Snake:1  | Noticed Aizul
 37860 | Snake:1  | Killed Aizul
 38325 | Snake:1  | Acquired 810 gold pieces
 39041 | Snake:2  | Found Fetzir's Jewellery Boutique.
 39042 | Snake:2  | Found Qaxaryqi's Book Emporium.
 39043 | Snake:2  | Found Eppesm's Jewellery Boutique.
 39051 | Snake:2  | Bought an amulet of reflection for 510 gold pieces
 40614 | Snake:3  | Received a gift from Sif Muna
 40615 | Snake:3  | Got Ebila's Collected Works on Attacks {god gift}
 40670 | Snake:3  | Reached skill level 10 in Fighting
 40675 | Snake:3  | Reached skill level 5 in Ice Magic
 40675 | Snake:3  | Reached XP level 17. HP: 102/102 MP: 22/44
 41600 | Snake:4  | Entered Level 4 of the Snake Pit
 41600 | Snake:4  | Noticed Vashnia
 41608 | Snake:3  | Killed Vashnia
 41654 | Snake:4  | HP: 3/132 [naga sharpshooter/arrow[Vashnia] (7)]
 41654 | Snake:4  | Shot with a bolt by a naga sharpshooter

Illustrated notes

Levels and vault maps discovered:
D:1:      nagdon_arrival_double_spiral, layout_loops_ring, serial_shops, shop,
          nicolae_shop_statue_plus, minmay_tromino_v2
D:2:      layout_basic, basic_altar
D:3:      layout_basic, mainiacjoe_overflow_cross_hatched,
          hangedman_feature_mirror, hex_intersection,
          minmay_misc_feat_nine_boxes
D:4:      layout_basic, nicolae_wu_jian_wuxing_cycle, nicolae_vehumet_radiance,
          minmay_temple_entry_trees, serial_undead, serial_undead_f,
          serial_undead_c, serial_undead_e, serial_undead_b,
          hangedman_decor_diamond_cutter
D:5:      layout_basic, mainiacjoe_overflow_six_doors_small,
          amcnicky_altar_gilded, grunt_qazlal_clouds, minmay_splitting_lines,
          minmay_fractal_squares_diagonal_5
D:6:      layout_basic, mainiacjoe_overflow_surrounded_room,
          kiku_gazebo_garden_becter, serial_shops, shop_statue, uniq_maggie,
          uniq_edmund, uniq_crazy_yiuf_cottage, uniq_eustachio
D:7:      old_forge, layout_loops_ring, serial_aquarium,
          aquarium_bridge_straight [aquarium_subvault_bridge,
          aquarium_subvault_window, aquarium_subvault_bridge,
          aquarium_subvault_wall], aquarium_window_corridor_3,
          aquarium_window_1, aquarium_view_4, aquarium_view_2f,
          aquarium_balcony_5a, minmay_misc_feat_doors, uniq_pikel
D:8:      layout_loops_corners, nemelex_diamond_rough_becter,
          dpeg_lair_monsters, special_room [special_room_orc],
          gammafunk_ghost_ooze
D:9:      layout_roguey, grunt_temple_overflow_holy_war, nicolae_specific_store
D:10:     layout_small_grid, david_orc_3, bh_walls_and_bars
D:11:     layout_rooms, serial_co_window_serial, co_window_corner_a,
          co_window_paths_a, co_window_of_opportunity_a, co_window_paths_a,
          co_window_paths_b, co_window_cross_3, co_window_corner_b,
          co_window_2corner, co_window_cross_2, co_window_of_opportunity_b,
          co_window_2corner, co_window_paths_d, co_window_sun, glass_columns_a,
          glass_columns_a, glass_columns_b, glass_columns_a, glass_columns_a,
          minmay_misc_feat_ornament, minmay_checkerbox, uniq_snorg, uniq_fannar
D:12:     minmay_goldmine, layout_gridville, kennysheep_generic_room_3,
          uniq_josephine, uniq_rupert
D:13:     layout_stronghold, lightli_vaults_fourway_checkpoint
D:14:     minmay_firetagon, layout_irregular_city, nicolae_tso_carved_into_rock,
          guppyfry_shop_earth
D:15:     grunt_enter_depths_hoard, layout_gridville, trog_three_pillars_becter,
          hangedman_abyss_or_decor_lesser_grid, uniq_jorgrun, uniq_nessos,
          uniq_agnes, uniq_roxanne
Temple:   minmay_temple_curvy_loop
Lair:1:   layout_regular_city, minivault_25, grunt_megastairs_4,
          lemuel_fruit_tree
Lair:2:   layout_regular_city, elwin_shoals_entry_rooms, basic_altar,
          nicolae_lair_lakeside_cave
Lair:3:   layout_cave_pods, uniq_urug
Lair:4:   layout_gridlike, minmay_snake_entry_guardpost_medium,
          serial_bayou_shore_a
Lair:5:   layout_layer_cave, nicolae_slime_entry_slimehenge, basic_altar,
          hellmonk_guarded_unrand_seven_league_boots, grunt_megastairs_5
Lair:6:   hangedman_lair_caniforms_friends, layout_cave_pods, wormcave,
          maelrawn_ghost_gauntlet_escape
Snake:1:  cheibrodos_snake_lava_hold, layout_misc_corridors, uniq_aizul
Snake:2:  layout_grid_maze, minmay_shop_grove, grunt_megastairs_2,
          uniq_saint_roka
Snake:3:  layout_basic
Snake:4:  snake_pit, layout_layer_cave, serial_shops, shop, basic_altar,
          serial_bayou_lagoon_a, minmay_shoptagon, uniq_nikola, uniq_kirke,
          uniq_vashnia
Orc:1:    layout_caves, serial_shops, nicolae_shop_window_shopping,
          gammafunk_ghost_abyssal_escape
Orc:2:    grunt_orc_community_town_hall, layout_caves,
          grunt_orc_community_big_house_1, grunt_orc_community_big_house_1,
          grunt_orc_community_house_3, grunt_orc_community_house_3,
          grunt_orc_community_house_2, grunt_orc_community_house_2,
          serial_shops, shop

Skill      XL: |  1  2  3  4  5  6  7  8  9 10 11 12 13 14 15 16 17 |
---------------+----------------------------------------------------+-----
Stealth        | 3 |  3.0
Spellcasting   | 4 5 6 8 10 11 13 15 17 18 20 21 | 21.0
Dodging        | 3 |  3.0
Earth Magic    | 4 5 7 8 9 10 12 | 12.0
Fighting       | 1 2 3 4 5 6 8 9 10 | 10.2
Transmutations | 2 4 6 7 |  7.8
Conjurations   | 1 2 3 5 7 9 11 12 | 12.0
Necromancy     | 1 2 4 |  4.0
Air Magic      | 1 2 3 4 5 7 9 |  9.0
Invocations    | 3 5 6 7 10 11 12 13 | 13.2
Fire Magic     | 4 |  4.0
Ice Magic      | 3 4 5 |  5.3
Poison Magic   | 3 4 |  4.0
Summonings     | 4 6 8 |  8.9

Action                   |  1- 3 |  4- 6 |  7- 9 | 10-12 | 13-15 | 16-18 || total
-------------------------+-------+-------+-------+-------+-------+-------++-------
Melee: Dagger            |    13 |       |       |       |       |       ||    13
       Unarmed           |     1 |       |       |       |       |       ||     1
       Short sword       |    16 |    58 |     1 |       |       |       ||    75
       Double sword      |       |       |    14 |    54 |       |       ||    68
       Whip              |       |       |       |       |    32 |    15 ||    47
       Staff             |       |       |       |       |     1 |       ||     1
       Punch             |       |       |       |       |     1 |       ||     1
       Scimitar          |       |       |       |       |    39 |       ||    39
 Cast: Sandblast         |    14 |    20 |    27 |    38 |   108 |     4 ||   211
       Stone Arrow       |       |    28 |   104 |   312 |   425 |    26 ||   895
       Petrify           |       |       |     1 |    69 |    51 |     4 ||   125
       Swiftness         |       |       |     1 |    14 |    15 |     2 ||    32
       Passwall          |       |       |       |    25 |    17 |     3 ||    45
       Mephitic Cloud    |       |       |       |    15 |    63 |     2 ||    80
       Freezing Cloud    |       |       |       |    12 |   130 |    34 ||   176
       Conjure Ball Ligh |       |       |       |       |    56 |    44 ||   100
       Flame Wave        |       |       |       |       |     1 |       ||     1
       Iron Shot         |       |       |       |       |    74 |    81 ||   155
       Statue Form       |       |       |       |       |     6 |    18 ||    24
       Borgnjor's Vile C |       |       |       |       |       |   102 ||   102
Invok: Channel Magic     |       |       |       |     1 |     1 |     1 ||     3
 Abil: End Transformatio |       |       |       |       |     6 |     6 ||    12
Evoke: Wand              |       |       |       |     8 |     7 |       ||    15
  Use: Scroll            |       |       |     4 |    17 |    16 |     4 ||    41
       Potion            |       |       |       |     5 |     3 |       ||     8
 Stab: Sleeping          |    14 |     9 |       |       |       |       ||    23
       Petrified         |       |       |       |     1 |       |       ||     1
       Invisible         |       |       |       |       |     2 |       ||     2
Armor: Robe              |     2 |    11 |     5 |    40 |    56 |    16 ||   130
       Steam dragon scal |       |       |     2 |    36 |       |       ||    38
       Skin              |       |       |       |       |    44 |    83 ||   127
Dodge: Dodged            |    13 |    52 |    31 |   196 |   267 |   126 ||   685
       Rpst.: Whip       |       |       |       |       |       |     1 ||     1
